[Event "*** Titled Tuesday Blitz"]
[Site "Chess.com"]
[Date "2021.04.06"]
[Round "9"]
[White "DeTimmerman"]
[Black "PSvidler"]
[Result "0-1"]
[WhiteElo "2838"]
[BlackElo "2980"]
[TimeControl "180+1"]
[EndTime "11:45:58 PDT"]
[Termination "PSvidler won by resignation"]

1. b4 e5 2. Bb2 Bxb4 3. Bxe5 Nf6 4. Nc3 c6 5. a3 Ba5 6. Nf3 d5 7. e3 O-O 8. Be2 Nbd7 9. Bg3 Bxc3 10. dxc3 Ne4 11.
Qd4 Qa5 12. Qb4 Qc5 13. c4 dxc4 14. Qxc4 Qxc4 15. Bxc4 Ndc5 16. O-O Be6 17. Bd3 Nxg3 18. hxg3 Rfd8 19. Nd4 Bd5 20. Rfd1 f6 21. Bf1 Na4 22.
c4 Bf7 23. Rdc1 Nc5 24. Rab1 Rd7 25. Nb3 Nxb3 26. Rxb3 c5 27. a4 Rad8 28. Rb5 b6 29. a5 Rd1 30. Rbb1 Rxc1 31. Rxc1 Kf8 32. Rb1 bxa5 33.
Ra1 Rd6 34. Rxa5 Rd1 35. Rxc5 Bg6 36. Rc8+ Ke7 37. Rc7+ Kd6 38. Rxa7 Bd3 39. Kh2 Rxf1 40. f3 g5 41. e4 g4 42. Ra3 Bxc4 43. fxg4 Ke5 44. Ra5+ Kxe4 45. g5 Rf5 46. Ra4 Kd4 47. gxf6 Rxf6 48. g4 Rc6 49. Kg3 Ke5 50. Ra7 Bd3 51.
Ra5+ Kd4 52. Ra4+ Ke3 53. Rf4 Be4 54. Rf2 Rc2 55. Rf7 Rxg2+ 56. Kh4 Bf3 57. Rg7 Kf2 58. Kh5 Rh2+ 59. Kg5 Bxg4 60. Rf7+ Bf3 0-1

[Event "*** Titled Tuesday Blitz"]
[Site "Chess.com"]
[Date "2021.04.06"]
[Round "9"]
[White "Airquake"]
[Black "AlexTriapishko"]
[Result "0-1"]
[WhiteElo "2671"]
[BlackElo "2827"]
[TimeControl "180+1"]
[EndTime "11:45:58 PDT"]
[Termination "AlexTriapishko won on time"]

1. g3 g6 2. Bg2 Bg7 3. Nf3 d5 4. O-O e5 5. d3 Ne7 6. Nbd2 O-O 7. c3 Nbc6 8. Qc2 h6 9. e4 g5 10. Re1 Be6 11. Nb3 b6 12. d4 dxe4 13. Nxe5 Nxe5 14. dxe5 Ng6 15. Bxe4 Nxe5 16. Nd4 Bd5 17. Be3 f5 18.
Bxd5+ Qxd5 19. f4 Ng4 20. Rad1 Nxe3 21. Rxe3 gxf4 22. gxf4 Rad8 23. Red3 Qe4 24. Ne2 Rde8 25. Ng3 Qxf4 26. Rf1 Qg4 27. Qd1 Qxd1 28. Rdxd1 f4 29. Nh5 Be5 30. Rd7 Rf5 31. Ng3 Rg5 32. Kg2 fxg3 33.
h4 Rg7 0-1

[Event "*** Titled Tuesday Blitz"]
[Site "Chess.com"]
[Date "2021.04.06"]
[Round "9"]
[White "Margency"]
[Black "StockholmMissile"]
[Result "1-0"]
[WhiteElo "2727"]
[BlackElo "2596"]
[TimeControl "180+1"]
[EndTime "11:45:58 PDT"]
[Termination "Margency won by resignation"]

1. e4 e5 2. Nf3 Nc6 3. Bc4 Bc5 4. d3 Nf6 5. O-O a6 6. a4 Ba7 7. Re1 d6 8. c3 h6 9. Na3 O-O 10. Nc2 Be6 11. Bxe6 fxe6 12. Be3 Qe8 13. Bxa7 Rxa7 14.
d4 exd4 15. Ncxd4 e5 16. Nf5 Ne7 17. Nxe7+ Qxe7 18. a5 Qe6 19. Nd2 Nd7 20. Qb3 Nc5 21. Qxe6+ Nxe6 22. g3 Kf7 23. h4 Ke7 24. Kg2 Raa8 25.
Nc4 h5 26. Rad1 g6 27. Ne3 Rad8 28. Nd5+ Kd7 29. b4 c6 30. Nb6+ Kc7 31. Rd3 Rf6 32.
Red1 Nf8 33. Nc4 Re6 34. Rf3 d5 35. Rf7+ Kb8 36. exd5 cxd5 37. Nb6 d4 38. cxd4 exd4 39. Rxf8 Rxf8 40. Nd7+ Kc7 41. Nxf8 Rf6 42. Nh7 Rd6 43. Ng5 Kc6 44. Ne4 Rd8 45. Nc5 Rd5 46. Kf3 Rf5+ 47. Ke2 Kd5 48. Nd3 Kc4 49. Rc1+ Kb3 50. Rc5 Rf6 51. f4 1-0

[Event "*** Titled Tuesday Blitz"]
[Site "Chess.com"]
[Date "2021.04.06"]
[Round "9"]
[White "ajdemipopushi"]
[Black "MasterMK73"]
[Result "0-1"]
[WhiteElo "2411"]
[BlackElo "2293"]
[TimeControl "180+1"]
[EndTime "11:45:58 PDT"]
[Termination "MasterMK73 won on time"]

1. Nf3 d5 2. g3 e6 3. c4 c6 4. Bg2 f5 5. b3 Nf6 6. O-O Bd6 7. Ba3 O-O 8. d4 Bxa3 9. Nxa3 Qd6 10. Nc2 Nbd7 11.
e3 Ne4 12. Nce1 b6 13. Nd3 Bb7 14. Nfe5 Nxe5 15. Nxe5 c5 16. cxd5 exd5 17. Rc1 Rac8 18. Qd3 a6 19. Rfd1 b5 20. f3 c4 21. Qb1 Ng5 22.
bxc4 dxc4 23. h4 Ne6 24. a4 Nc7 25. Kf2 Qd5 26. Bh1 Qe6 27. Nxc4 bxc4 28. Qxb7 Nd5 29. Re1 Rb8 30. Qa7 Rb2+ 31. Kg1 c3 32. Qc5 Rd8 33. f4 Kh8 34. e4 fxe4 35. Rxe4 Qh3 0-1

[Event "*** Titled Tuesday Blitz"]
[Site "Chess.com"]
[Date "2021.04.06"]
[Round "9"]
[White "Sanan_Sjugirov"]
[Black "Eltaj_Safarli"]
[Result "1/2-1/2"]
[WhiteElo "2878"]
[BlackElo "2921"]
[TimeControl "180+1"]
[EndTime "11:45:59 PDT"]
[Termination "Game drawn by repetition"]

1. e4 c5 2. Nf3 Nc6 3. Bb5 d6 4. O-O Bd7 5. Re1 Nf6 6. c3 a6 7. Bf1 Bg4 8. d4 cxd4 9. cxd4 e5 10. Be3 Be7 11. Nc3 O-O 12. d5 Nb8 13. Qb3 Bxf3 14. gxf3 Nbd7 15. Qxb7 Rb8 16. Qxa6 Nh5 17. Bb5 Nc5 18.
Qa3 Bg5 19. Bxc5 dxc5 20. Qxc5 Bd2 21. Red1 Qg5+ 22. Kh1 Nf4 23. Rg1 Qh5 24. Rg3 Rfc8 25. Bc6 Rxb2 26. Rag1 g6 27. Nd1 Bb4 28. Qc4 Rb1 29.
Qc2 Ra1 30. Qb2 Rxd1 31. Rxd1 Bc5 32. Qc2 Bd4 33. a4 Rb8 34. Rb1 Rxb1+ 35. Qxb1 Bxf2 36. Rg4 Qh3 37. Rxf4 exf4 38. Qd1 Bg3 39. Qe2 Bxh2 40. Qxh2 Qf1+ 41. Qg1 Qh3+ 42. Qh2 Qf1+ 43. Qg1 Qh3+ 44. Qh2 1/2-1/2

[Event "*** Titled Tuesday Blitz"]
[Site "Chess.com"]
[Date "2021.04.06"]
[Round "9"]
[White "dretch"]
[Black "ENajer77"]
[Result "0-1"]
[WhiteElo "2806"]
[BlackElo "2686"]
[TimeControl "180+1"]
[EndTime "11:46:01 PDT"]
[Termination "ENajer77 won on time"]

1. d4 Nf6 2. c4 e6 3. Nc3 Bb4 4. Qc2 d5 5. cxd5 Qxd5 6. Nf3 Qf5 7. Qxf5 exf5 8. Bd2 c6 9. e3 O-O 10. Bd3 g6 11. Ke2 Re8 12. Rhc1 Nbd7 13. a3 Bd6 14. b4 Nb6 15. Kf1 Be6 16. Be1 Bc4 17. Bxc4 Nxc4 18. b5 Bxa3 19. Rc2 Bb2 20. Rb1 Bxc3 21. Rxc3 cxb5 22.
Rxb5 Nd6 23. Ra5 b6 24. Ra6 Nd5 25. Rc6 Nb5 26. Ne5 Rec8 27. Ra2 f6 28. Rxc8+ Rxc8 29. Nd3 a5 30. Rb2 Nd6 31. Ke2 Kf7 32. f3 Nc4 33. Rb5 Ncxe3 34. Bd2 Rc2 35. Nb2 Nc3+ 36. Kxe3 Nxb5 37. Na4 Nd6 38. Kd3 Rc6 0-1

[Event "*** Titled Tuesday Blitz"]
[Site "Chess.com"]
[Date "2021.04.06"]
[Round "9"]
[White "nochewycandy"]
[Black "HackingKid98"]
[Result "1-0"]
[WhiteElo "2617"]
[BlackElo "2491"]
[TimeControl "180+1"]
[EndTime "11:46:01 PDT"]
[Termination "nochewycandy won by checkmate"]

1. c4 e6 2. g3 d5 3. Bg2 c6 4.
Nf3 dxc4 5. O-O b5 6. a4 Bb7 7. Na3 a6 8. b3 cxb3 9. Qxb3 Nf6 10. Bb2 Be7 11. Ne5 O-O 12. axb5 axb5 13. Nxb5 Rxa1 14. Rxa1 Qxd2 15. Nc3 Bc8 16. Rd1 Qg5 17. Nf3 Qa5 18. Qxb8 Bb4 19. Qe5 Ba6 20. Qxa5 Bxa5 21. Ra1 Bxc3 22. Bxc3 Bxe2 23. Nd4 Bb5 24.
Bxc6 Bxc6 25. Nxc6 Nd5 26. Be5 h6 27. Rb1 Rc8 28.
Rb8 Rxb8 29. Bxb8 f6 30. Ba7 Kf7 31. Kg2 e5 32. Bc5 Nc3 33. Nd8+ Kg6 34. Ne6 Kf7 35. Nc7 h5 36. h3 g5 37. f3 g4 38. fxg4 hxg4 39.
hxg4 Ne4 40. Bb4 Kg6 41. Nd5 Kg5 42. Ne3 f5 43. gxf5 Nf6 44. Be7 e4 45. Bxf6+ Kxf6 46. g4 Kg5 47. Kg3 Kh6 48. Kf4 Kg7 49. Kxe4 Kh6 50.
Kf4 Kg7 51. g5 Kh7 52. g6+ Kg7 53. Kg5 Kh8 54. f6 Kg8 55. f7+ Kg7 56. Nf5+ Kh8 57.
f8=R# 1-0

[Event "*** Titled Tuesday Blitz"]
[Site "Chess.com"]
[Date "2021.04.06"]
[Round "9"]
[White "pastouche06"]
[Black "CrushingKings"]
[Result "1-0"]
[WhiteElo "2615"]
[BlackElo "2478"]
[TimeControl "180+1"]
[EndTime "11:46:01 PDT"]
[Termination "pastouche06 won on time"]

1. d4 Nf6 2. c4 e6 3. Nc3 Bb4 4. e3 O-O 5. Ne2 c6 6. a3 Ba5 7. c5 d5 8. cxd6 Qxd6 9. b4 Bc7 10. g3 e5 11. Bg2 Bg4 12. h3 Bh5 13. O-O Bg6 14. e4 Rd8 15. Be3 Nbd7 16. Qb3 exd4 17.
Nxd4 Qe7 18. Nf5 Bxf5 19. exf5 Bxg3 20. fxg3 Qxe3+ 21. Kh2 Ne5 22. Rae1 Qh6 23. Kg1 Re8 24. b5 Rad8 25. bxc6 bxc6 26. Ne4 Nxe4 27. Rxe4 Rd2 28. Rfe1 Qd6 29. Qe3 f6 30. Qb3+ Kh8 31. R4e2 Rd3 32. Qf7 Rf8 33. Qxa7 c5 34. Re3 Rxe3 35. Rxe3 Qd4 36.
Kf2 Nd3+ 37. Ke2 Nc1+ 38. Kf3 1-0

[Event "*** Titled Tuesday Blitz"]
[Site "Chess.com"]
[Date "2021.04.06"]
[Round "9"]
[White "ShahMatKanal"]
[Black "lukazz029"]
[Result "1-0"]
[WhiteElo "2444"]
[BlackElo "2139"]
[TimeControl "180+1"]
[EndTime "11:46:02 PDT"]
[Termination "ShahMatKanal won by resignation"]

1. e4 c5 2. Nf3 d6 3. b4 cxb4 4. a3 bxa3 5. Nxa3 e6 6. d4 Nf6 7. Bd3 Be7 8. O-O O-O 9. c4 Nc6 10. Bb2 Nd7 11. Nb5 a6 12. Qe2 Rb8 13. Nc3 Bf6 14. Qe3 Qb6 15. Na4 Qa7 16. e5 dxe5 17. Qe4 g6 18. dxe5 Bg7 19. Ba3 Re8 20. Bd6 Ra8 21.
c5 Ne7 22. g4 Nd5 23. Rfb1 Nb8 24. Nb6 Nc6 25. Nxa8 Qxa8 26. Rc1 Bd7 27. h4 Ncb4 28.
Be2 Bc6 29. Qc4 Bb5 30. Qxb5 axb5 31. Rxa8 Rxa8 32. Bxb5 Nc6 33. Bxc6 bxc6 34. Rb1 h6 35. Kg2 Ra4 36. Kg3 h5 37. Rb8+ Kh7 38. Ng5+ Kh6 39.
Nxf7+ Kh7 40. Ng5+ Kh6 41. gxh5 gxh5 42. Nxe6 Rg4+ 43.
Kh3 Nf4+ 44. Nxf4 Rxf4 45. e6 Re4 46. e7 Bf6 47. e8=Q Rxe8 48. Rxe8 Bd4 49. Re6+ Kg7 50. Be5+ Bxe5 51. Rxe5 Kf6 52. Rg5 Ke6 53. Rxh5 Kd7 54.
Rg5 Kc7 55. f4 Kb7 56. h5 Ka6 57. h6 Kb5 58. h7 Kb4 59. h8=Q Kb3 60. Qe5 1-0

[Event "*** Titled Tuesday Blitz"]
[Site "Chess.com"]
[Date "2021.04.06"]
[Round "9"]
[White "Arseniy_Nesterov"]
[Black "elohunter1999"]
[Result "1-0"]
[WhiteElo "2749"]
[BlackElo "2535"]
[TimeControl "180+1"]
[EndTime "11:46:03 PDT"]
[Termination "Arseniy_Nesterov won on time"]

1. d4 Nf6 2. c4 c5 3. d5 e6 4. Nc3 exd5 5. cxd5 d6 6. Nf3 g6 7. Nd2 Bg7 8. Nc4 O-O 9. Bf4 Ne8 10. e3 g5 11. Bg3 f5 12. f4 Qe7 13. Qd3 a6 14. Nb6 Nd7 15. Nxa8 b5 16. Be2 Bb7 17. O-O Bxa8 18.
fxg5 c4 19. Qd2 Qxg5 20. Bf4 Qe7 21. a4 Nc7 22. axb5 axb5 23. Ra7 Rc8 24. Rxc7 Rxc7 25. Nxb5 Rb7 26. Bxc4 Ne5 27. b3 Rb8 28. Nd4 Qc7 29.
Nxf5 Nxc4 30. bxc4 Qxc4 31. Bxd6 Rd8 32. Nxg7 Rxd6 33.
Nf5 Rd7 34. e4 Qc5+ 35. Kh1 Qf8 36. h3 Kh8 37. Qd4+ Kg8 38. Rf3 h6 39. Rg3+ Kh7 40. Qb6 Bxd5 41. Qg6+ Kh8 42. exd5 Rh7 43. d6 h5 44. Re3 h4 45. Re8 Rf7 46. Qxf7 1-0

[Event "*** Titled Tuesday Blitz"]
[Site "Chess.com"]
[Date "2021.04.06"]
[Round "9"]
[White "crazy_but_lazy"]
[Black "Omk124"]
[Result "1-0"]
[WhiteElo "2439"]
[BlackElo "2567"]
[TimeControl "180+1"]
[EndTime "11:46:03 PDT"]
[Termination "crazy_but_lazy won by checkmate"]

1. d4 Nf6 2. c4 g6 3. Nc3 d5 4. cxd5 Nxd5 5. e4 Nxc3 6. bxc3 Bg7 7. Qa4+ Nd7 8. Nf3 O-O 9. Be2 c5 10. O-O cxd4 11. cxd4 Nc5 12. dxc5 Bxa1 13. e5 Bc3 14. Qf4 Qc7 15. Bc4 e6 16. Rd1 Qxc5 17. Qf6 Re8 18. Bh6 Qf8 19. Bxf8 Rxf8 20. Rd8 h6 21. h4 b6 22. h5 gxh5 23. Rxf8+ Kxf8 24. Qd8+ Kg7 25. Qc7 Bb4 26. Bb5 Bc5 27. Bc6 a5 28.
Bxa8 Ba6 29. Bc6 Bd3 30. Be8 Bg6 31. Nh4 a4 32. Nxg6 Kxg6 33. Qxf7+ Kg5 34. Qf6+ Kg4 35. Bxh5+ Kxh5 36. g3 Kg4 37. Kg2 Bxf2 38. Qxf2 h5 39. Qf3+ Kg5 40. Qf6+ Kg4 41. Qf4# 1-0

[Event "*** Titled Tuesday Blitz"]
[Site "Chess.com"]
[Date "2021.04.06"]
[Round "9"]
[White "Rodalquilar"]
[Black "Andreikka"]
[Result "0-1"]
[WhiteElo "2695"]
[BlackElo "2870"]
[TimeControl "180+1"]
[EndTime "11:46:04 PDT"]
[Termination "Andreikka won on time"]

1. d4 Nf6 2. Bf4 d5 3. e3 c5 4. Nf3 Nc6 5. c3 e6 6. Nbd2 Nh5 7. Be5 f6 8. Bg3 g6 9. Bd3 cxd4 10. exd4 Bd6 11. O-O Nf4 12. Bxf4 Bxf4 13. Re1 O-O 14. Qc2 Kg7 15. Nf1 Bd6 16. Rad1 e5 17. dxe5 fxe5 18. Bb5 e4 19. Nd4 Qc7 20. Bxc6 bxc6 21.
c4 Qd7 22. cxd5 cxd5 23. Ne3 Bb7 24. Qb3 Rae8 25. Qb5 Qf7 26. Re2 Be5 27. Qb4 Kg8 28. Red2 h5 29. Nb5 Re6 30. Qc5 a6 31. Nd4 Rf6 32.
Rf1 Rc8 33. Qb4 Kh7 34. Qb3 Rf8 35. Qc2 Bf4 36. Re1 Bc8 37. Qd1 Be5 38. Rf1 a5 39. b3 Ba6 40. Ndc2 Bxf1 41. Qxf1 d4 42. Rxd4 Bxd4 43. Nxd4 Rxf2 0-1

[Event "*** Titled Tuesday Blitz"]
[Site "Chess.com"]
[Date "2021.04.06"]
[Round "9"]
[White "QuintilianoR"]
[Black "Nf3c5"]
[Result "1/2-1/2"]
[WhiteElo "2700"]
[BlackElo "2560"]
[TimeControl "180+1"]
[EndTime "11:46:04 PDT"]
[Termination "Game drawn by repetition"]

1. Nf3 c5 2. e4 d6 3. c3 Nf6 4. h3 g6 5. Bd3 Bg7 6. Bc2 O-O 7. O-O Nc6 8. d4 e5 9. d5 Ne7 10. a4 a6 11. Re1 Ne8 12. a5 h6 13. b4 cxb4 14.
cxb4 f5 15. Be3 Nf6 16. Nc3 Bd7 17. Nd2 Rc8 18. Ra3 f4 19. Bb6 Qe8 20. Ba4 g5 21. f3 h5 22. Bxd7 Nxd7 23. Bf2 Nf6 24. Qe2 Qd7 25. Nc4 Rc7 26. Na4 Ng6 27. Nab6 Qe7 28.
Rd3 g4 29. hxg4 hxg4 30. fxg4 Nh7 31. Rh3 f3 32. Rxf3 Nf4 33. Qd1 Ng5 34. Rg3 Rf6 35.
Be3 Qf7 36. Bxf4 exf4 37. Rf3 Nxf3+ 38. Qxf3 Rh6 39. g5 Rh4 40. Nxd6 Bd4+ 41. Kf1 Rh1+ 42. Ke2 Rxe1+ 43. Kxe1 Qh7 44. Nbc4 Qh1+ 45. Ke2 Qc1 46. Qd3 Be3 47. e5 Qg1 48. Qg6+ Rg7 49. Qe8+ Kh7 50. g6+ Rxg6 51. Qf7+ Rg7 52. Qh5+ Kg8 53. Qe8+ Kh7 54. Qh5+ Kg8 55. Qe8+ Kh7 56. Qh5+ 1/2-1/2

[Event "*** Titled Tuesday Blitz"]
[Site "Chess.com"]
[Date "2021.04.06"]
[Round "9"]
[White "c_r_e_e_p_e_r"]
[Black "dosto07"]
[Result "0-1"]
[WhiteElo "2353"]
[BlackElo "2265"]
[TimeControl "180+1"]
[EndTime "11:46:04 PDT"]
[Termination "dosto07 won on time"]

1. d4 d5 2. c4 dxc4 3. Nf3 Nf6 4.
e3 e6 5. Bxc4 c5 6. O-O a6 7.
Nc3 b5 8. Bb3 Bb7 9. Qe2 Nbd7 10. Rd1 Qb6 11. e4 cxd4 12. Nxd4 Bc5 13. Be3 Ne5 14.
h3 Rd8 15. Nc2 Rxd1+ 16. Rxd1 Bxe3 17. Nxe3 O-O 18. f4 Ng6 19. e5 Nxf4 20. Qf2 N6d5 21. Ncxd5 Nxd5 22. Nxd5 Qxf2+ 23. Kxf2 exd5 24. Bxd5 Bxd5 25. Rxd5 Rc8 26. Ke3 g5 27. Kd3 Rc1 28. e6 fxe6 29.
Rxg5+ Kf7 30. Kd2 Rf1 31. Kc2 Rf2+ 32. Kc3 Kf6 33. Rg3 Kf5 34. Rg8 Ke4 35. Rg7 e5 36. g4 Rf3+ 37. Kb4 Rxh3 38. Ka5 Rh2 39. Kxa6 Rxb2 40. Rxh7 Rxa2+ 41. Kxb5 Rg2 42. Rg7 Kf4 43.
Rf7+ Ke3 44. Rg7 e4 45. g5 Kd2 46. Kc5 e3 47. Kd5 e2 48. Re7 Rxg5+ 49. Kc4 Rg4+ 50.
Kb3 Rg3+ 0-1

[Event "*** Titled Tuesday Blitz"]
[Site "Chess.com"]
[Date "2021.04.06"]
[Round "9"]
[White "WinOrTilt"]
[Black "MateusViageiro"]
[Result "0-1"]
[WhiteElo "2227"]
[BlackElo "2365"]
[TimeControl "180+1"]
[EndTime "11:46:04 PDT"]
[Termination "MateusViageiro won by resignation"]

1. d4 Nf6 2. Nf3 e6 3. e3 b6 4.
Bd3 Bb7 5. Nbd2 c5 6. O-O Be7 7.
b3 O-O 8. Bb2 d6 9. a4 Nc6 10.
c3 Qc7 11. Rc1 Rfd8 12. Qe2 e5 13. e4 Re8 14. d5 Nb8 15. Ne1 g6 16. Nc2 Nh5 17.
g3 Nd7 18. Na3 a6 19. f4 exf4 20. gxf4 Bf6 21. Ndc4 Bxd5 22. Rcd1 Bc6 23. Bc2 d5 24. Nd2 dxe4 25. Nxe4 Bg7 26. Qd2 Bxe4 27. Bxe4 Rad8 28. Bf3 Ne5 29. Bd5 Ng4 30. Nc4 Nhf6 31. h3 Rxd5 32.
Qg2 Rxd1 33. Rxd1 Ne3 34. Nxe3 Rxe3 35. Bc1 Re8 36. f5 Qe5 37. fxg6 hxg6 38. h4 Qxc3 39.
Bf4 Qxb3 40. Rf1 Nh5 41. Bg5 Qg3 42. Qxg3 Nxg3 43. Rf3 Ne4 44. Kg2 Nxg5 45. hxg5 b5 46. axb5 axb5 0-1

[Event "*** Titled Tuesday Blitz"]
[Site "Chess.com"]
[Date "2021.04.06"]
[Round "9"]
[White "MaevskiyNikolay"]
[Black "moro182"]
[Result "0-1"]
[WhiteElo "2564"]
[BlackElo "2736"]
[TimeControl "180+1"]
[EndTime "11:46:05 PDT"]
[Termination "moro182 won by resignation"]

1. Nf3 g6 2. e4 Bg7 3. d4 d6 4. Bc4 Nf6 5. Qe2 O-O 6. O-O c6 7. Rd1 Nxe4 8. Qxe4 d5 9. Qe2 dxc4 10. Qxc4 Bg4 11. Qd3 Nd7 12. h3 Bf5 13. Qe2 Qc7 14. c3 e5 15. dxe5 Nxe5 16. Nxe5 Bxe5 17. Bh6 Rfe8 18.
Qf3 Be4 19. Qg4 Bc2 20. Rc1 Bf5 21. Qc4 Rad8 22. Na3 b5 23. Qh4 Qd6 24. Re1 Bf6 25.
Qf4 Qxf4 26. Bxf4 Rxe1+ 27. Rxe1 a5 28. g4 Be6 29. Nc2 Bxa2 30. Nd4 Bd5 31. Bc7 Ra8 32. f4 h6 33. Ra1 a4 34. Kf2 b4 35. Ke3 Bc4 36. Be5 Bxe5 37. f5 bxc3 38. bxc3 a3 39. fxg6 fxg6 40. Nxc6 Bxc3 41. Rc1 a2 42. Rxc3 a1=Q 43.
Rxc4 Ra3+ 44. Ke4 Qe1+ 45. Kd5 Rd3+ 46. Kc5 Qe6 47. Kb6 Qxc4 0-1

[Event "*** Titled Tuesday Blitz"]
[Site "Chess.com"]
[Date "2021.04.06"]
[Round "9"]
[White "ri4mi"]
[Black "zala02"]
[Result "1-0"]
[WhiteElo "2349"]
[BlackElo "2161"]
[TimeControl "180+1"]
[EndTime "11:46:06 PDT"]
[Termination "ri4mi won by resignation"]

1. e4 e5 2. Nf3 Nc6 3. Bc4 Bc5 4. b4 Bxb4 5. c3 Ba5 6. d4 d6 7.
O-O Nf6 8. Qb3 O-O 9. dxe5 dxe5 10.
Ba3 Bb6 11. Ng5 Na5 12. Bxf7+ Kh8 13. Qc2 c5 14. Nd2 Qe7 15. Bb3 h6 16. Ngf3 Nxb3 17. axb3 Bg4 18. h3 Bh5 19. Rfe1 Rad8 20. Nh2 Bc7 21.
Nc4 b5 22. Ne3 Bg6 23. Nf5 Bxf5 24. exf5 Bd6 25. Bb2 Qc7 26. Ng4 Nxg4 27. hxg4 Qe7 28. c4 Bb8 29. g3 Qg5 30. Qe4 bxc4 31. bxc4 Rfe8 32. Bc1 Qf6 33. Be3 Rd7 34. Kg2 Red8 35. Rh1 Kg8 36. Rh5 Qf7 37. Rah1 a5 38. g5 Rd4 39.
Bxd4 Rxd4 40. Qe2 Qxf5 41. gxh6 g6 42. Rxf5 gxf5 43. h7+ Kh8 44. Qh5 Rd8 45. Qxf5 1-0

[Event "*** Titled Tuesday Blitz"]
[Site "Chess.com"]
[Date "2021.04.06"]
[Round "9"]
[White "Firouzja2003"]
[Black "exoticprincess"]
[Result "1-0"]
[WhiteElo "3148"]
[BlackElo "2937"]
[TimeControl "180+1"]
[EndTime "11:46:08 PDT"]
[Termination "Firouzja2003 won by resignation"]

1. e4 e5 2. Nc3 Nf6 3. Bc4 Be7 4. Nf3 d6 5. O-O O-O 6. d4 Nbd7 7. Re1 h6 8. a4 a5 9. b3 Re8 10. Bb2 c6 11. Qd2 Qc7 12. Rad1 Nf8 13. h3 Ng6 14. d5 Nf4 15. Ba3 Rd8 16. Qe3 cxd5 17. Nb5 Qd7 18. exd5 Nxg2 19. Kxg2 Qxh3+ 20. Kg1 Ng4 21. Bf1 Nxe3 22.
Bxh3 Nxd1 23. Bxc8 Raxc8 24. Rxd1 Rxc2 25. Nxe5 dxe5 26. Bxe7 Rd7 27. d6 f6 28. Kg2 Kf7 29. Nc7 Rxe7 30. d7 Rxd7 31. Rxd7+ Kg6 32. Ne6 b6 33. Rxg7+ Kf5 34. Nc7 Rc3 35. Nd5 Rxb3 36. Rb7 Ra3 37. Nxb6 Rb3 38. Nc4 Rd3 39. Rb5 Rd4 40. Ne3+ Kg5 41.
Rxa5 h5 42. Ra8 f5 43. Rg8+ Kf4 44. Rf8 Rxa4 45. Rxf5+ Ke4 46. Rxh5 1-0

[Event "*** Titled Tuesday Blitz"]
[Site "Chess.com"]
[Date "2021.04.06"]
[Round "9"]
[White "GMSrinath"]
[Black "kuli4ik"]
[Result "1-0"]
[WhiteElo "2838"]
[BlackElo "2878"]
[TimeControl "180+1"]
[EndTime "11:46:08 PDT"]
[Termination "GMSrinath won by resignation"]

1. Nf3 g6 2. g3 Bg7 3. Bg2 d6 4. O-O Nd7 5. c4 e5 6. d4 Ne7 7. Nc3 O-O 8. h3 exd4 9. Nxd4 Re8 10. Bf4 Ne5 11. b3 a6 12. Qd2 Rb8 13. Rac1 c5 14.
Nc2 b5 15. Ne3 Be6 16. Ne4 Rb6 17. Rfd1 Qb8 18. Bg5 bxc4 19. bxc4 Rb2 20. Qxd6 Qxd6 21. Nxd6 Reb8 22. Bxe7 Rxe2 23. Ne4 Rxa2 24. Nxc5 h5 25. Nxe6 fxe6 26. Rd8+ Rxd8 27. Bxd8 Nd3 28. Rf1 Bd4 29. Bg5 a5 30. Rd1 Ra3 31. Bf1 Ne5 32. Be2 Bc5 33. Rd8+ Kg7 34. Rc8 Bd4 35. Rc7+ Kg8 36.
Nc2 Rxg3+ 37. Kf1 Rxg5 38. Nxd4 a4 39. h4 Rf5 40. Nxf5 gxf5 41. Ra7 f4 42. c5 f3 43. Bb5 a3 44. c6 a2 1-0

[Event "*** Titled Tuesday Blitz"]
[Site "Chess.com"]
[Date "2021.04.06"]
[Round "9"]
[White "klimkoj"]
[Black "ukchessbomber"]
[Result "0-1"]
[WhiteElo "2603"]
[BlackElo "2508"]
[TimeControl "180+1"]
[EndTime "11:46:08 PDT"]
[Termination "ukchessbomber won on time"]

1. e4 g6 2. d4 Bg7 3. Nf3 c6 4. Nc3 d5 5. Bg5 dxe4 6. Nxe4 Qb6 7. b3 Nf6 8. Nxf6+ exf6 9. Be3 O-O 10. Be2 f5 11. O-O Qc7 12. Qd2 Nd7 13. Bf4 Qb6 14. Rae1 Nf6 15. Bd3 Nd5 16. Be5 f6 17. Bg3 Rd8 18. c4 Nb4 19. Re7 Bf8 20. Bc7 Bxe7 21. Bxb6 axb6 22. Bb1 Bf8 23. Re1 Bd7 24. h4 Be8 25. h5 Bf7 26. hxg6 hxg6 27. Qf4 Bd6 28. Qh4 Kg7 29. Qh3 Rh8 30. Nh4 Rxh4 31. Qxh4 Rh8 32. Qxh8+ Kxh8 33. Rc1 Bf4 34. Rd1 Bd6 35. Rc1 Na6 36.
g3 Kg7 37. Bd3 Nb4 38. Bb1 Na6 39. Bd3 Ba3 40. Rd1 Bb2 41. Bb1 Kf8 42. Kf1 Nb4 43.
Ke2 b5 44. cxb5 Nd5 45. Kd2 Nc3 46. Rh1 Nxb5 0-1

[Event "*** Titled Tuesday Blitz"]
[Site "Chess.com"]
[Date "2021.04.06"]
[Round "9"]
[White "rachidhuilda"]
[Black "shaheus"]
[Result "1-0"]
[WhiteElo "2275"]
[BlackElo "2363"]
[TimeControl "180+1"]
[EndTime "11:46:08 PDT"]
[Termination "rachidhuilda won on time"]

1. d4 Nf6 2. Bg5 Ne4 3. Bf4 c5 4. f3 Nf6 5. dxc5 Qa5+ 6. Nc3 Qxc5 7. e4 Nc6 8. Qd2 d6 9. O-O-O g6 10. h4 h5 11. Kb1 Bg7 12. Nge2 O-O 13. Bh6 Ne5 14. Bxg7 Kxg7 15. Ng3 Be6 16. Qd4 Qa5 17. Be2 Rac8 18.
Nd5 Bxd5 19. exd5 Qc5 20. Rd2 Qxd4 21. Rxd4 Rc5 22. Rhd1 Rfc8 23. c3 a6 24. Ne4 Nxe4 25. fxe4 b5 26. a4 Rb8 27. axb5 axb5 28. Rb4 Nc4 29. Bxc4 Rxc4 30. Rd4 Rxd4 31. Rxd4 Rc8 32. Kc2 Rc4 33. Kd3 Rxd4+ 34. cxd4 f6 35. Kc3 g5 36. g3 Kg6 37. Kb4 f5 38. exf5+ Kxf5 39. Kxb5 gxh4 40. gxh4 Ke4 41. Kc6 1-0

[Event "*** Titled Tuesday Blitz"]
[Site "Chess.com"]
[Date "2021.04.06"]
[Round "9"]
[White "Doudou2015"]
[Black "Susik_Gaboyan"]
[Result "0-1"]
[WhiteElo "2093"]
[BlackElo "2254"]
[TimeControl "180+1"]
[EndTime "11:46:09 PDT"]
[Termination "Susik_Gaboyan won by checkmate"]

1. d4 Nf6 2. c4 g6 3. Nf3 Bg7 4. g3 O-O 5. Bg2 d5 6. O-O c6 7.
b3 Ne4 8. Bb2 Bf5 9. Nbd2 Nd7 10.
Nh4 Nxd2 11. Qxd2 Be6 12. Rac1 Nf6 13. Bf3 Bh3 14. Ng2 Bg4 15. Ne3 Bxf3 16. exf3 Qd7 17.
Rfd1 Qh3 18. Qe2 h5 19. Qf1 Qe6 20. Ng2 Qf5 21. Qd3 Qd7 22. h4 a5 23. Ne3 a4 24. Kg2 axb3 25. axb3 Ra2 26. Bc3 Bh6 27. Ra1 Rfa8 28. Rxa2 Rxa2 29. Ra1 Rxa1 30. Bxa1 Bxe3 31. fxe3 dxc4 32. bxc4 Qd8 33. d5 cxd5 34. Bxf6 exf6 35. Qxd5 Qb6 36. e4 Qb2+ 37. Kf1 Kg7 38. c5 Qc1+ 39. Kf2 Qc2+ 40. Ke3 Qc1+ 41. Kf2 Qc2+ 42. Ke3 Qb2 43. g4 hxg4 44. fxg4 Qc3+ 45. Kf4 Qe1 46. h5 Qf2# 0-1

[Event "*** Titled Tuesday Blitz"]
[Site "Chess.com"]
[Date "2021.04.06"]
[Round "9"]
[White "maximych26"]
[Black "SergeyShtyka"]
[Result "0-1"]
[WhiteElo "2267"]
[BlackElo "2406"]
[TimeControl "180+1"]
[EndTime "11:46:10 PDT"]
[Termination "SergeyShtyka won by checkmate"]

1. e4 c5 2. Nf3 Nc6 3. Bb5 g6 4. O-O Bg7 5. c3 e5 6. d3 Nge7 7. Nbd2 O-O 8. Re1 d6 9. Ba4 h6 10. Nf1 Kh7 11. h3 f5 12. Bb3 f4 13. Bd5 g5 14. N1h2 Nxd5 15. exd5 Ne7 16. d4 cxd4 17. cxd4 Ng6 18. dxe5 dxe5 19. Ng4 Bxg4 20. hxg4 Qd7 21. Qd3 Rfe8 22. Qe4 Rad8 23. Rd1 Qxg4 24. Bd2 Qd7 25. Bc3 g4 26. Nh4 Qf7 27. Rd2 Bf6 28. Nf5 Bg5 29.
d6 Rf8 30. Ne7 Bxe7 31. dxe7 Qxe7 32. Re1 Rxd2 33. Bxd2 Qf7 34. Bc3 b6 35. Bxe5 Re8 36. Qb1 Qe6 37. Bc3 Qf7 38. Rd1 Kg8 39. Rd6 Re6 40. Rd8+ Re8 41. Qd3 f3 42. g3 Rxd8 43.
Qxd8+ Kh7 44. Kh2 h5 45. a4 h4 46. gxh4 Qf4+ 47. Kg1 g3 48. Qd2 gxf2+ 49. Qxf2 Qg4+ 50. Kf1 Nxh4 51. Qd4 Qg2+ 52. Ke1 Qe2# 0-1